AoeStats
← myavuz90

Arena

511340407Analyzed
4v4 RM · 12d ago on Oct 4, 2026· 21m 59s· 8 players
Game mode
Random Map
Map size
Large (8 player)
Population
200
Speed
Normal
Resources
Standard
Victory
Conquest
Starting age
Dark Age
Ending age
Imperial Age
RankedLock teamsTeams togetherTeam positionsShared explorationLock speedFull tech treeHidden civsTurbo modeCheats
Victory
Defeat
🇫🇮 Mongols · Finland
1086
+13
🇹🇷 Franks · Türkiye
1012
+16
🇹🇷 Goths · Türkiye
987
+48
🇫🇮 Poles · Finland
959
+18
vs
🇨🇳 Dravidians · China
1045
-17
🇮🇩 Cumans · Indonesia
1005
-16
🇨🇳 Spanish · China
1001
-16
🇨🇳 Celts · China
980
-15
myavuz90
12:31 Feudal Age
17:15 Castle Age
19:49 Double-Bit Axe
haratass
12:31 Feudal Age
13:39 Double-Bit Axe
13:35 Horse Collar
14:57 Loom
15:43 Forging
17:51 Castle Age
Mr_FahrenHeit
7:55 Loom
11:30 Feudal Age
15:14 Castle Age
13:50 Double-Bit Axe
18:00 Bow Saw
Fluffipro
10:28 Loom
12:15 Feudal Age
13:29 Double-Bit Axe
18:03 Castle Age
17:37 Loom
18:50 Bloodlines
18:50 Scale Barding Armor
18:56 Forging
19:10 Horse Collar
22:30 Heavy Plow
1277765061
水水火火
4:52 Loom
嘿咻
0:31 Loom
0:47 Loom
ddmgsxis89228
10:32 Feudal Age
14:48 Man-at-Arms
16:37 Forging
16:28 Scale Mail Armor
Connection lost

Rejoining the realm…

Still unreachable

The connection could not be restored.

Session expired

The server has moved on; the page needs a fresh start.